 Dungeon Crawl Stone Soup version 0.20.1-1-g8b1a95d (webtiles) character file.

832 pstr the Conjurer (level 8, -1/44 HPs)
             Began as a Kobold Conjurer on Nov 13, 2017.
             Slain by a centaur (7 damage)
             ... on level 5 of the Dungeon.
             The game lasted 00:24:16 (7570 turns).

pstr the Conjurer (Kobold Conjurer)                 Turns: 7570, Time: 00:24:16

Health: -1/44      AC:  6    Str:  5    XL:     8   Next: 18%
Magic:  0/14       EV: 12    Int: 18    God:
Gold:   196        SH:  4    Dex: 16    Spells: 13/16 levels left

rFire    + . .     SeeInvis .   j - +0 short sword
rCold    x . .     Gourm    .   x - +0 buckler
rNeg     . . .     Faith    .   d - +0 ring mail
rPois    +         Spirit   .   (no helmet)
rElec    .         Reflect  .   (no cloak)
rCorr    .         Harm     .   m - +0 pair of gloves
MR       .....                  (no boots)
Stlth    ++........             (no amulet)
Regen    0.2/turn               p - ring of poison resistance
MPRegen  0.2/turn               v - ring of fire

@: very slightly contaminated
A: carnivore 3
a: no special abilities


You were on level 5 of the Dungeon.
You were very full.

You visited 1 branch of the dungeon, and saw 7 of its levels.

You collected 196 gold pieces.

Inventory:

Hand Weapons
 j - a +0 short sword (weapon)
Missiles
 i - 234 stones (quivered)
 t - 10 arrows
Armour
 a - a +0 robe
 d - a +0 ring mail (worn)
 k - a cursed -2 ring mail
 m - a +0 pair of gloves (worn)
 x - a +0 buckler (worn)
Jewellery
 p - a ring of poison resistance (left hand)
 v - a ring of fire (right hand)
Scrolls
 e - 2 scrolls of identify
 f - a scroll of blinking {unknown}
 g - a scroll of magic mapping {unknown}
 h - 2 scrolls of fog {unknown}
 o - 3 scrolls of teleportation
 r - a scroll of enchant armour {unknown}
 s - a scroll of random uselessness {unknown}
 u - a scroll of immolation {unknown}
 w - a scroll of recharging {unknown}
 y - a scroll of amnesia {unknown}
 z - a scroll of brand weapon {unknown}
Potions
 l - a potion of magic {unknown}
 n - a potion of invisibility
 q - a potion of mutation
 A - a potion of flight {unknown}
 B - a potion of cancellation {unknown}
Books
 b - a book of Conjurations

   Spells                             Type                      Level
   a - Magic Dart                     Conjuration                  1
   b - Searing Ray                    Conjuration                  2
   c - Dazzling Spray                 Conjuration/Hexes            3
   d - Fulminant Prism                Conjuration/Hexes            4
   e - Force Lance                    Conjuration/Translocation    4
   f - Iskenderun's Mystic Blast      Conjuration                  4
Comestibles
 c - 2 meat rations


   Skills:
 + Level 2.1 Fighting
 + Level 2.2 Short Blades
 + Level 2.9 Armour
 + Level 4.5 Dodging
 + Level 3.9 Stealth
 + Level 0.4 Unarmed Combat
 + Level 4.5 Spellcasting
 + Level 5.9 Conjurations


You had 13 spell levels left.
You knew the following spells:

 Your Spells              Type           Power        Failure   Level  Hunger
a - Magic Dart            Conj           ####         9%          1    None
b - Searing Ray           Conj           ####..       13%         2    #......


Dungeon Overview and Level Annotations

Branches:
Dungeon (7/15)
 Temple: D:4-7

Altars:
Dithmenos
Elyvilon
Okawaru
Ru

Shops:
D:4 (!   D:5 *   D:7 [}[}


Innate Abilities, Weirdness & Mutations

You are small and have problems with some larger weapons.
You are carnivorous and can eat meat at any time.


Message History

The arrow hits you.
* * * LOW HITPOINT WARNING * * *
The centaur shoots an arrow.
The arrow barely misses you.
Casting: Searing Ray
Confirm with . or Enter, or press ? or * to list all spells.
Aiming: Searing Ray
Press: ? - help, Shift-Dir - straight line, f/p - centaur
Aim: a centaur, wielding a shortbow (almost dead)
You miscast Searing Ray.
The air around you crackles with energy!
Casting: Searing Ray
Confirm with . or Enter, or press ? or * to list all spells.
Aiming: Searing Ray
Press: ? - help, Shift-Dir - straight line, f/p - centaur
Aim: a centaur, wielding a shortbow (almost dead)
You miscast Searing Ray.
You are momentarily dazzled by a flash of light!
The centaur unwields an uncursed shortbow.
The centaur hits you!
You die...

#....###.####.#
##'#.# ..# #
##.#... ..# ##
#. ..# ### #
... #.. # #.# .
#.# ≈ #c# #@#
#.# #.# #.#
#(##### #(....#
#####.# ####.#
#....#


You could see a centaur.

Vanquished Creatures
  A phantom (D:4)
  An ogre (D:7)
  The ghost of Zeege the Digger, an amateur GrEE (D:3)
  A bullfrog (D:7)
  A crimson imp (D:3)
  A jelly (D:7)
  A hound (D:3)
  An orc wizard (D:4)
  3 orc priests
  A gnoll shaman (D:5)
  A worker ant (D:4)
  3 gnolls (D:5)
  9 adders
  An ooze (D:4)
  An adder skeleton (D:4)
  3 worms
  5 dart slugs (D:1)
  3 leopard geckos
  18 orcs
  5 giant cockroaches
  4 goblins
  11 hobgoblins
  17 jackals
  3 quokkas
  A ball python (D:2)
  8 bats
  6 frilled lizards
  11 kobolds
  A quokka zombie (D:5)
  4 rats
127 creatures vanquished.

Notes
Turn   | Place    | Note
-------+----------+-------------------------------------------
     0 | D:1      | pstr the Kobold Conjurer began the quest for the Orb.
     0 | D:1      | Reached XP level 1. HP: 10/10 MP: 3/3
   374 | D:1      | Reached XP level 2. HP: 15/15 MP: 1/5
   378 | D:1      | Learned a level 2 spell: Searing Ray
   805 | D:1      | Reached XP level 3. HP: 13/19 MP: 0/6
  1665 | D:1      | Reached XP level 4. HP: 24/24 MP: 3/8
  2411 | D:2      | Found a faded altar of an unknown god.
  2449 | D:2      | Reached skill level 5 in Conjurations
  2828 | D:2      | Reached XP level 5. HP: 25/28 MP: 3/9
  4293 | D:3      | Reached skill level 1 in Fighting
  4293 | D:3      | Reached XP level 6. HP: 28/34 MP: 0/11
  4445 | D:3      | Reached skill level 1 in Short Blades
  4581 | D:3      | Found a white marble altar of Elyvilon.
  4799 | D:3      | Noticed Zeege's ghost (amateur GrEE)
  4805 | D:3      | Killed Zeege's ghost
  4805 | D:3      | Reached skill level 1 in Armour
  5054 | D:3      | Found an iron altar of Okawaru.
  5057 | D:3      | Found a sacrificial altar of Ru.
  5060 | D:3      | Found a shadowy altar of Dithmenos.
  5496 | D:4      | Found Poifuetu's Antique Weapon Emporium.
  5507 | D:4      | You fall through a shaft for 3 floors!
  5507 | D:7      | Found Jascheh's Gadget Boutique.
  5589 | D:7      | Found Taymich's Armour Shoppe.
  5651 | D:7      | Found Ereloil's Armour Shoppe.
  5804 | D:7      | Found Tidonuaw's Gadget Emporium.
  5827 | D:7      | Reached XP level 7. HP: 34/38 MP: 4/12
  6264 | D:5      | Entered Level 5 of the Dungeon
  6273 | D:4      | Found Onybaet's Distillery.
  6764 | D:5      | Found Iwoepy Tooj's Assorted Antiques.
  6892 | D:4      | Reached XP level 8. HP: 44/44 MP: 6/14
  7570 | D:5      | Slain by a centaur

Skill      XL: |  1  2  3  4  5  6  7 |
---------------+----------------------+-----
Stealth        | 3 |  3.9
Dodging        | 3 4 |  4.5
Conjurations   | 5 |  5.9
Spellcasting   | 3 4 |  4.5
Fighting       | 1 2 |  2.1
Short Blades   | 1 2 |  2.2
Armour         | 1 2 |  2.9
Unarmed Combat | |  0.4

Action                   |  1- 3 |  4- 6 |  7- 9 || total
-------------------------+-------+-------+-------++-------
Melee: Unarmed           |    11 |       |       ||    11
       Short sword       |     9 |    75 |    17 ||   101
 Cast: Magic Dart        |    31 |    21 |    15 ||    67
       Searing Ray       |    10 |    68 |    30 ||   108
  Use: Scroll            |       |     6 |       ||     6
       Potion            |       |     3 |     1 ||     4
  Eat: Chunk             |    11 |    16 |     6 ||    33
Armor: Robe              |     9 |     4 |       ||    13
       Ring mail         |       |    67 |    17 ||    84
Dodge: Dodged            |    33 |   146 |    27 ||   206
Block: Buckler           |       |       |     3 ||     3
